 Dungeon Crawl Stone Soup version 0.21-a0-529-g8c7b3f5 (webtiles) character file.

96 Gerstahl the Skirmisher (level 4, 0/55 HPs)
             Began as a Human Monk on Dec 9, 2017.
             Was a Believer of Ashenzari.
             Slain by Crazy Yiuf
             ... wielding a +3 quarterstaff of chaos
              (2 damage)
             ... on level 3 of the Dungeon.
             The game lasted 00:03:32 (2501 turns).

Gerstahl the Skirmisher (Human Monk)                Turns: 2501, Time: 00:03:33

Health: 0/55       AC:  6    Str: 17    XL:     4   Next: 98%
Magic:  4/4        EV:  2    Int: 10    God:    Ashenzari [**....]
Gold:   103        SH:  0    Dex: 16    Spells: 3/3 levels left

rFire    . . .     SeeInvis .   a - +0 falchion (curse)
rCold    . . .     Gourm    .   (no shield)
rNeg     + + +     Faith    .   o - +0 ring mail (curse)
rPois    ∞         Spirit   .   (no helmet)
rElec    .         Reflect  .   g - +0 cloak
rCorr    .         Harm     .   (no gloves)
MR       .....                  (no boots)
Stlth    ..........             (no amulet)
HPRegen  0.18/turn              k - ring of poison resistance
MPRegen  0.09/turn              (no ring)

@: berserking, petrified
A: no striking features
a: Curse Item, Scrying, Renounce Religion


You were on level 3 of the Dungeon.
You worshipped Ashenzari.
Ashenzari was pleased with you.
You were hungry.

You visited 1 branch of the dungeon, and saw 3 of its levels.

You collected 103 gold pieces.

Inventory:

Hand Weapons
 a - a cursed +0 falchion (weapon)
Armour
 b - a +0 robe
 g - a +0 cloak (worn)
 o - a cursed +0 ring mail (worn)
Jewellery
 k - a ring of poison resistance (left hand)
Scrolls
 c - a scroll of random uselessness {unknown}
 e - a scroll of identify {unknown}
 f - a scroll of amnesia {unknown}
 h - a scroll of immolation {unknown}
 i - 2 scrolls of enchant armour {unknown}
 l - a scroll of magic mapping {unknown}
 m - 4 scrolls of teleportation {unknown}
Potions
 j - 2 potions of resistance {unknown}
 n - a potion of cancellation {unknown}
Comestibles
 d - 3 meat rations


   Skills:
 + Level 3.9 Fighting
 + Level 3.8(5.9) Long Blades
 + Level 0.3 Armour
 + Level 3.8 Dodging
 - Level 2.0 Stealth


You had 3 spell levels left.
You didn't know any spells.

Dungeon Overview and Level Annotations

Branches:
Dungeon (3/15)

Altars:
Ashenzari
Vehumet

Annotations:
D:3 Crazy Yiuf; Gerstahl's ghost, amateur DsMo; Grinder


Message History

Crazy Yiuf flaps his cloak.
Crazy Yiuf barely misses you.
Your limbs are stiffening.
You hit Crazy Yiuf.
Crazy Yiuf is heavily wounded.
You have turned to stone.
Crazy Yiuf hits you with a quarterstaff of chaos!
You are electrocuted!
Crazy Yiuf hits you with a quarterstaff of chaos. x2
* * * LOW HITPOINT WARNING * * *
Crazy Yiuf freezes you.
Crazy Yiuf hits you with a quarterstaff of chaos.
* * * LOW HITPOINT WARNING * * *
Crazy Yiuf freezes you.
* * * LOW HITPOINT WARNING * * *
Crazy Yiuf hits you with a quarterstaff of chaos!
* * * LOW HITPOINT WARNING * * *
Crazy Yiuf hits you with a quarterstaff of chaos!
* * * LOW HITPOINT WARNING * * *
Crazy Yiuf hits you with a quarterstaff of chaos.
You die...

**,* , ,, #####
♣♣#### # *
#)..#♣♣ ♣♣....##
., *
#.g@'.♣♣♣♣.))...#
#*
#...#♣..♣....)..#
*
#####♣♣♣.♣.)..#.#
, ♣♣♣♣♣###.# * *
* , * #..# *
########.## * , ,
*......#..# ## *
** * * #...## .#
##.##


You could see Crazy Yiuf.

Vanquished Creatures
  2 adders (D:2)
  2 worms
  3 dart slugs
  2 leopard geckos
  6 orcs (D:3)
  7 bats
  4 giant cockroaches
  4 goblins
  2 hobgoblins (D:1)
  4 jackals
  A quokka (D:2)
  5 frilled lizards
  10 kobolds
  5 rats
57 creatures vanquished.

Notes
Turn   | Place    | Note
-------+----------+-------------------------------------------
     0 | D:1      | Gerstahl the Human Monk began the quest for the Orb.
     0 | D:1      | Reached XP level 1. HP: 18/18 MP: 1/1
    78 | D:1      | Reached XP level 2. HP: 19/24 MP: 2/2
   351 | D:1      | Reached XP level 3. HP: 29/29 MP: 3/3
   466 | D:1      | Found a shattered altar of Ashenzari.
   490 | D:1      | Became a worshipper of Ashenzari the Shackled
   490 | D:1      | Reached * piety under Ashenzari
   490 | D:1      | Reached ** piety under Ashenzari
  1015 | D:2      | Found a shattered altar of Ashenzari.
  1222 | D:2      | Reached XP level 4. HP: 14/36 MP: 4/4
  2204 | D:3      | Noticed Gerstahl's ghost (amateur DsMo)
  2421 | D:3      | Noticed Grinder
  2445 | D:3      | Found a radiant altar of Vehumet.
  2485 | D:3      | Found a runed door.
  2489 | D:3      | Noticed Crazy Yiuf
  2500 | D:3      | HP: 2/55 [Crazy Yiuf/quarterstaff of chaos (6)]
  2501 | D:3      | Slain by Crazy Yiuf

Vault maps used:
D:1:      dpeg_arrival_concentric_ovals, ashenzari_altar_1
D:2:      marbit_many_paths, hangedman_abyss_or_decor_lesser_grid
D:3:      vehumet_crystals, uniq_crazy_yiuf_cottage, uniq_grinder

Action                   |  1- 3 |  4- 6 || total
-------------------------+-------+-------++-------
Melee: Falchion          |    93 |    95 ||   188
Invok: Curse Item        |     1 |     1 ||     2
 Stab: Sleeping          |     3 |     3 ||     6
  Eat: Bread ration      |       |     1 ||     1
Armor: Robe              |    14 |    13 ||    27
       Ring mail         |       |     9 ||     9
Dodge: Dodged            |    69 |    73 ||   142
       Rpst.: Falchion   |    25 |    22 ||    47

Table legend:
 A = Spawn XP
 B = Non-spawn XP
 C = Spawn XP percentage of total XP
 D = Spawn monster count
 E = Non-spawn monster count
 F = Spawn count percentage of total count
 G = Total turns spent on level
                    A         B        C        D         E        F      G
               +---------+---------+-------+---------+---------+-------+---------
         Total |       0 |     138 |   0.0 |       0 |      57 |   0.0 |  2501
               +---------+---------+-------+---------+---------+-------+---------
           D:1 |       0 |      44 |   0.0 |       0 |      23 |   0.0 |   869
           D:2 |       0 |      68 |   0.0 |       0 |      24 |   0.0 |  1452
           D:3 |       0 |      26 |   0.0 |       0 |      10 |   0.0 |   180
               +---------+---------+-------+---------+---------+-------+---------
